 Dungeon Crawl Stone Soup version 0.28-a0-769-g550dbda0cd (webtiles) character file.

Game seed: 3321588256738030565

42 ytrimaz the Skirmisher (level 3, -3/45 HPs)
             Began as a Demonspawn Berserker on Nov 1, 2021.
             Was a Follower of Trog.
             Slain by an adder (5 damage)
             ... on level 2 of the Dungeon.
             The game lasted 00:01:58 (1177 turns).

ytrimaz the Skirmisher (Demonspawn Berserker)       Turns: 1177, Time: 00:01:59

Health: -3/45      AC:  2    Str: 18    XL:     3   Next: 35%
Magic:  3/3        EV: 12    Int:  8    God:    Trog [*.....]
Gold:   54         SH:  0    Dex: 16    Spells: 2/2 levels left

rFire   . . .      SeeInvis .   a - +0 hand axe
rCold   . . .      Faith    .   (no shield)
rNeg    . . .      Spirit   .   b - +0 animal skin
rPois   .          Reflect  .   (no helmet)
rElec   .          Harm     .   (no cloak)
rCorr   .          Rampage  .   (no gloves)
Will    +....                   (no boots)
Stlth   ..........              (no amulet)
HPRegen 0.15/turn               f - ring of willpower
MPRegen 0.08/turn               (no ring)

@: berserking (expiring), lethally poisoned (-3 -> -6), very quick
A: thin skeletal structure 2
a: Renounce Religion, Berserk


You were on level 2 of the Dungeon.
You worshipped Trog.
Trog was aware of your devotion.
You visited 1 branch of the dungeon, and saw 2 of its levels.

You collected 54 gold pieces.

Inventory:

Hand Weapons
 a - a +0 hand axe (weapon)
Armour
 b - a +0 animal skin (worn)
 e - a +0 scale mail
Jewellery
 f - a ring of willpower (left hand)
Scrolls
 c - 3 scrolls of teleportation {unknown}
 d - a scroll of blinking {unknown}


   Skills:
 * Level 3.7 Fighting
 + Level 3.2 Axes
 * Level 2.0 Armour
 + Level 2.0 Dodging


You had 2 spell levels left.
You didn't know any spells.
Your spell library was empty.

Dungeon Overview and Level Annotations

Branches:
Dungeon (2/15)

Altars:


Innate Abilities, Weirdness & Mutations

You have a moderately thin skeletal structure. (Dex +4, Stealth++)


Message History

Your Dodging skill increases to level 2!
You miss the adder.
The adder is moderately wounded.
You feel sick.
A goblin comes into view. It is wielding a +0 club.
The adder bites you.
* * * LOW HITPOINT WARNING * * *
You are more poisoned.
The adder poisons you!
You barely miss the adder.
The adder is moderately wounded.
You slash the jackal!
You kill the jackal!
Trog accepts your kill.
You hit the goblin.
You feel sick. The adder barely misses you.
Unknown command.
You miss the adder.
The adder is moderately wounded.
You hit the goblin.
You kill the goblin!
Trog accepts your kill.
You feel sick. The bat hits you but does no damage.
The adder barely misses you.
You barely miss the adder.
The adder is moderately wounded.
You barely miss the bat.
You feel sick. The bat barely misses you. The adder completely misses you.
Unknown command.
You miss the adder.
The adder is moderately wounded.
You slash the bat!
You kill the bat!
Trog accepts your kill. The adder bites you.
* * * LOW HITPOINT WARNING * * *
You barely miss the adder.
The adder is moderately wounded.
* * * LOW HITPOINT WARNING * * *
You feel sick. The adder bites you.
You die...

...########......>..##.#.........
#... #.........#..#......... ...#
#.##+##......#.######## #..#
#.##........##.# ##.#.#.#.#.....#
#.........#.######
##.......#..(.S...#
#......†....#.##.##
##...†@S.##.#.# ......).†..g...#
.##.......#....# ...........#.#.#
..#.#.#.#.#..#..
.#............h.. ##.####.#####.
.. .


You could see an adder and a goblin.

Vanquished Creatures
  An adder (D:2)
  3 dart slugs (D:1)
  2 bats (D:2)
  An endoplasm (D:1)
  A giant cockroach (D:1)
  5 goblins
  2 hobgoblins
  3 jackals (D:2)
  3 ball pythons
  3 frilled lizards
  A kobold (D:1)
  A rat (D:2)
26 creatures vanquished.

Notes
Turn   | Place    | Note
-------+----------+-------------------------------------------
     0 | D:1      | ytrimaz the Demonspawn Berserker began the quest for the
                  | Orb.
     0 | D:1      | Reached XP level 1. HP: 18/18 MP: 1/1
   234 | D:1      | Gained mutation: You have a somewhat thin skeletal
                  | structure. (Dex +2, Stealth+) [demonic ancestry]
   234 | D:1      | Reached XP level 2. HP: 5/24 MP: 2/2
   625 | D:1      | Found a faded altar of an unknown god.
  1170 | D:2      | Gained mutation: You have a moderately thin skeletal
                  | structure. (Dex +4, Stealth++) [demonic ancestry]
  1170 | D:2      | Reached XP level 3. HP: 21/29 MP: 3/3
  1177 | D:2      | HP: 2/45 [poisoned by an adder]
  1177 | D:2      | Slain by an adder

Illustrated notes

Levels and vault maps discovered:
D:1:      erik_arrival_triangle_large, layout_basic,
          dreamdust_ecumenical_altar_statues
D:2:      cheibrodos_old_hovel, layout_basic, st_stairs_4,
          serial_park_tiny_pond, minmay_distorted

Skill      XL: |  1  2  3 |
---------------+----------+-----
Axes           | 3 |  3.2
Armour         | 2 |  2.0
Dodging        | 2 |  2.0
Fighting       | |  3.7

Action                   || total
-------------------------++-------
Melee: Hand axe          ||    61
Invok: Berserk           ||     1
 Stab: Sleeping          ||     2
Armor: Animal skin       ||    15
Dodge: Dodged            ||    48

Table legend: (Time is in decaauts)
 A = Elapsed time spent in this place.
 B = Non-inter-level travel time spent in this place.
 C = Inter-level travel time spent in this place.
 D = Time resting spent in this place.
 E = Time spent auto-exploring this place.
 F = Levels seen in this place.
 G = Mean time per level.
                   A        B        C        D        E       F      G
               +--------+--------+--------+--------+--------+-----+--------+
         Total |   1183 |   1121 |     62 |    231 |    691 |   2 |  591.5 |
       Dungeon |   1183 |   1121 |     62 |    231 |    691 |   2 |  591.5 |
               +--------+--------+--------+--------+--------+-----+--------+

Top non-repeatable levels by time:
     D:1: 1078 daAuts
     D:2: 104 daAuts
